 Dungeon Crawl Stone Soup version 0.17-a0-1939-ga475588 (webtiles) character file.

427 dickyta the Ducker (level 6, -3/52 HPs)
             Began as a Minotaur Gladiator on Sept 29, 2015.
             Slain by Duvessa
             ... wielding a +0 rapier
              (13 damage)
             ... on level 6 of the Dungeon.
             The game lasted 00:16:49 (1483 turns).

dickyta the Ducker (Minotaur Gladiator)             Turns: 1483, Time: 00:16:49

Health: -3/52      AC: 10    Str: 21    XL:     6   Next: 65%
Magic:  5/5        EV: 13    Int:  5    God:
Gold:   104        SH:  0    Dex: 11    Spells: 0 memorised, 5 levels left

rFire  . . .     SeeInvis .     a - +0 flail
rCold  . . .     Clarity  .     s - +1 ring mail
rNeg   . . .     SustAt   +     (no shield)
rPois  +         Gourm    .     c - +0 hat
rElec  .         Spirit   .     h - +2 cloak
rCorr  .         Warding  .     F - +0 pair of gloves
rMut   .         Stasis   .     (no boots)
MR     .....                    (no amulet)
Stlth  +.........               E - ring of poison resistance
                                g - ring of sustain attributes

@: not resistant to hostile enchantments, very unstealthy
A: retaliatory headbutt, horns 2
a: no special abilities


You were on level 6 of the Dungeon.
You were not hungry.

You visited 1 branch of the dungeon, and saw 5 of its levels.

You collected 104 gold pieces.

Inventory:

Hand weapons
 a - a +0 flail (weapon)
 k - a +0 short sword
 l - a +0 hand axe
 m - a +0 whip
 n - a +0 shortbow
 q - a +0 mace
Missiles
 d - 3 throwing nets (quivered)
 i - 18 bolts
 p - 20 arrows
 r - 59 stones
Armour
 b - a +0 leather armour
 c - a +0 hat (worn)
 h - a +2 cloak (worn)
 s - a +1 ring mail (worn)
 z - a +0 robe
 F - a +0 pair of gloves (worn)
Jewellery
 g - a ring of sustain attributes (left hand)
 o - an uncursed ring of sustain attributes
 E - a ring of poison resistance (right hand)
Scrolls
 f - 2 scrolls of teleportation
Potions
 e - a potion of curing
 v - a potion of lignification {unknown}
 D - a potion of cure mutation {unknown}
Books
 u - a book of Death

   Spells                             Type                      Level
   a - Corpse Rot                     Necromancy                   2
   b - Sublimation of Blood           Necromancy                   2
   c - Agony                          Necromancy                   5
   d - Dispel Undead                  Necromancy                   5
   e - Excruciating Wounds            Charms/Necromancy            5
   f - Bolt of Draining               Conjuration/Necromancy       5
 B - a book of Air

   Spells                             Type                      Level
   a - Shock                          Conjuration/Air              1
   b - Swiftness                      Charms/Air                   2
   c - Repel Missiles                 Charms/Air                   2
   d - Static Discharge               Conjuration/Air              3
   e - Lightning Bolt                 Conjuration/Air              5
Comestibles
 j - 2 meat rations
 C - a bread ration


   Skills:
 + Level 4.1 Fighting
 + Level 5.2 Maces & Flails
 + Level 0.2 Bows
 + Level 2.4 Throwing
 + Level 2.8 Armour
 + Level 5.8 Dodging
 + Level 0.5 Stealth


You had 5 spell levels left.
You didn't know any spells.

Dungeon Overview and Level Annotations

Branches:
Dungeon (6/15)
 Temple: D:4-7

Altars:
Vehumet

Shops:
D:5 :

Annotations:
D:6 Duvessa


Innate Abilities, Weirdness & Mutations

You reflexively headbutt those who attack you in melee.
You have a pair of horns on your head.


Message History

You hit Duvessa.
Duvessa is heavily wounded.
Duvessa hits you but does no damage. Duvessa misses you.
You closely miss Duvessa.
Duvessa is heavily wounded.
Duvessa closely misses you.
You hit Duvessa.
Duvessa is heavily wounded.
Duvessa closely misses you. Duvessa hits you with a rapier!
You hit Duvessa. Your headbutt misses Duvessa.
Duvessa is severely wounded.
Duvessa closely misses you. You furiously retaliate!
You headbutt Duvessa. You closely miss Duvessa. Your headbutt misses Duvessa.
Duvessa is severely wounded.
Duvessa hits you with a rapier. Duvessa hits you with a rapier!
* * * LOW HITPOINT WARNING * * *
You barely miss Duvessa.
Duvessa is severely wounded.
Duvessa hits you with a rapier!
You die...

###.....## .. #........#
... #........# ....
#........# #<...
#........##.....
#...............
#.........#.....
#.......@e......
#........##.####
#........##.###### ..
#......†.##......######..
#........##..............
#........................
#######+####.............
#.............
#.............


You could see Duvessa (berserk).

Vanquished Creatures
  2 phantoms (D:5)
  A centaur (D:5)
  A scorpion (D:4)
  Dowan (D:6)
  A centaur skeleton (D:5)
  Natasha (D:4)
  An adder (D:2)
  An ooze (D:4)
  2 bats (D:2)
  A giant cockroach (D:6)
  A hobgoblin (D:2)
  3 jackals (D:1)
  A giant gecko (D:5)
  A giant gecko skeleton (D:4)
  2 giant newts
  3 kobolds
  2 rats
25 creatures vanquished.

Notes
Turn   | Place    | Note
--------------------------------------------------------------
     0 | D:1      | dickyta the Minotaur Gladiator began the quest for the Orb.
     0 | D:1      | Reached XP level 1. HP: 18/18 MP: 0/0
   263 | D:2      | Reached XP level 2. HP: 23/25 MP: 1/1
   404 | D:2      | Reached skill level 4 in Dodging
   473 | D:2      | You fall through a shaft for 2 floors!
   559 | D:4      | Noticed a scorpion
   567 | D:4      | Killed a scorpion
   567 | D:4      | Reached skill level 1 in Armour
   567 | D:4      | Reached XP level 3. HP: 26/30 MP: 2/2
   567 | D:4      | Reached XP level 4. HP: 32/37 MP: 3/3
   570 | D:4      | Noticed Natasha
   578 | D:4      | Killed Natasha
   609 | D:5      | Entered Level 5 of the Dungeon
   731 | D:5      | Noticed a centaur
   737 | D:5      | Killed a centaur
   737 | D:5      | Reached XP level 5. HP: 10/45 MP: 4/4
   747 | D:5      | Noticed a phantom
   777 | D:5      | HP: 2/45 [phantom (6)]
   832 | D:5      | Killed a phantom
   832 | D:5      | Reached skill level 5 in Maces & Flails
   832 | D:5      | Reached skill level 5 in Dodging
   923 | D:5      | Found a radiant altar of Vehumet.
   982 | D:5      | Noticed a phantom
  1013 | D:5      | Killed a phantom
  1013 | D:5      | Reached XP level 6. HP: 23/52 MP: 5/5
  1119 | D:5      | Found Zebreo's Book Emporium.
  1463 | D:6      | Noticed Duvessa
  1463 | D:6      | Noticed Dowan
  1474 | D:6      | Killed Dowan
  1483 | D:6      | Slain by Duvessa

Vault maps used:
D:1:      minmay_arrival_four_houses, st_stairs_13
D:4:      serial_shops, shop, kennysheep_dice, uniq_natasha
D:5:      vehumet_crystals, first_bread, serial_shops, shop_statue
D:6:      uniq_sigmund, uniq_duvessa

Action                   |  1- 3 |  4- 6 || total
-------------------------+-------+-------++-------
Melee: Flail             |    26 |    56 ||    82
 Fire: Shortbow          |       |     3 ||     3
  Use: Scroll            |     1 |     7 ||     8
       Potion            |     2 |     1 ||     3
  Eat: Bread ration      |       |     1 ||     1
